 Dungeon Crawl Stone Soup version 0.30-a0-737-gf23d94013f (webtiles) character file.

Game seed: 13966103558314048966

23 sircluck the Trooper (level 3, -5/33 HPs)
             Began as a Hill Orc Fighter on Feb 1, 2023.
             Slain by an ogre
             ... wielding a +0 giant spiked club
              (23 damage)
             ... on level 2 of the Dungeon.
             The game lasted 00:00:34 (337 turns).

sircluck the Trooper (Hill Orc Fighter)              Turns: 337, Time: 00:00:35

Health: -5/33      AC:  6    Str: 20    XL:     3   Next: 0%
Magic:  3/3        EV:  9    Int:  8    God:
Gold:   35         SH:  4    Dex: 10    Spells: 2/2 levels left

rFire   . . .      SeeInvis .    a - +0 war axe
rCold   . . .      Faith    .    c - +0 buckler
rNeg    . . .      Spirit   .    b - +0 scale mail
rPois   .          Reflect  .    (no helmet)
rElec   .          Harm     .    (no cloak)
rCorr   .          Rampage  .    (no gloves)
Will    .....                    (no boots) Stlth
                                 (no amulet)
HPRegen 0.25/turn                (no ring)
MPRegen 0.08/turn                (no ring)

@: no status effects
A: no striking features
a: no special abilities


You were on level 2 of the Dungeon.
You visited 1 branch of the dungeon, and saw 2 of its levels.

You collected 35 gold pieces.

Inventory:

Hand Weapons
 a - a +0 war axe (weapon)
Armour
 b - a +0 scale mail (worn)
 c - a +0 buckler (worn)
Potions
 d - a potion of might
 e - 2 potions of curing {unknown}


   Skills:
 + Level 3.9 Fighting
 + Level 2.9 Axes
 + Level 3.5 Armour
 + Level 3.9 Shields


You had 2 spell levels left.
You didn't know any spells.
Your spell library was empty.

Dungeon Overview and Level Annotations

Branches:
Dungeon (2/15)

Altars:


Message History

The ball python constricts you.
You hit the ball python.
You kill the ball python!
You slash the goblin!
You kill the goblin!
The rat bites you but does no damage. The rat barely misses you.
You see here a +0 dagger.
You closely miss the rat.
The rat bites you but does no damage. x2
You barely miss the rat. The rat bites you but does no damage.
You closely miss the rat. You block the rat's attack. The rat bites you.
You hit the rat.
You kill the rat!
You see here a rat corpse.
A kobold comes into view. It is wielding a +0 short sword.
The kobold shouts!
A worm comes into view.
Found a scroll labelled LYUXISHR JYTYOH.
An ogre comes into view. It is wielding a +0 giant spiked club.
The kobold hits you with a +0 short sword.
The kobold attacks as you move away!
The kobold hits you with a +0 short sword.
The kobold attacks as you move away! The kobold barely misses you.
You hit the kobold.
You kill the kobold!
You have reached level 3!
Your experience leads to an increase in your attributes!
Increase (S)trength, (I)ntelligence, or (D)exterity?
You feel stronger. x2
You see here a +0 short sword.
You hit the worm.
The worm is lightly wounded.
The worm barely misses you.
The ogre hits you with a +0 giant spiked club!
You slash the worm!
The worm is severely wounded.
You slash the ogre! The worm bites you but does no damage.
The ogre hits you with a +0 giant spiked club!!
Ouch! That really hurt!
You die...

#. ##.##########.#......
....<...............###
##....#######.........###
####.# #.......?....#
#.######......... #.# #
#.)....#..##...# ##.##.#
######.#..##wO.###...#.#
#.#....@....†)....#
#.#.####.####...#####.
#.....................
###.....######.#######
#.##### #.#
#.##########.#
#............#
##############


You could see an ogre and a worm.

Vanquished Creatures
  An adder (D:2)
  A dart slug (D:1)
  2 ball pythons
  A bat (D:2)
  An endoplasm (D:1)
  A giant cockroach (D:1)
  A goblin (D:2)
  A hobgoblin (D:2)
  A kobold (D:2)
  2 rats
12 creatures vanquished.

Notes
Turn   | Place    | Note
-------+----------+-------------------------------------------
     0 | D:1      | sircluck the Hill Orc Fighter began the quest for the Orb.
     0 | D:1      | Reached XP level 1. HP: 19/19 MP: 1/1
   240 | D:1      | Reached XP level 2. HP: 21/27 MP: 2/2
   330 | D:2      | Noticed an ogre
   335 | D:2      | Reached XP level 3. HP: 26/33 MP: 3/3
   337 | D:2      | Slain by an ogre

Illustrated notes

Levels and vault maps discovered:
D:1:      dpeg_arrival_signposts, layout_basic
D:2:      minmay_chambers_of_ones, layout_loops_ring, serial_shops,
          nicolae_shop_stone, basic_altar, uniq_jessica

Action                     || total
---------------------------++-------
  Melee: War axe           ||    28
 Armour: Scale mail        ||    16
  Dodge: Dodged            ||    15
  Block: Buckler           ||     7

Table legend: (Time is in decaauts)
 A = Elapsed time spent in this place.
 B = Non-inter-level travel time spent in this place.
 C = Inter-level travel time spent in this place.
 D = Time resting spent in this place.
 E = Time spent auto-exploring this place.
 F = Levels seen in this place.
 G = Mean time per level.
                   A        B        C        D        E       F      G
               +--------+--------+--------+--------+--------+-----+--------+
         Total |    347 |    347 |      0 |      0 |    121 |   2 |  173.5 |
       Dungeon |    347 |    347 |      0 |      0 |    121 |   2 |  173.5 |
               +--------+--------+--------+--------+--------+-----+--------+

Top non-repeatable levels by time:
     D:1: 262 daAuts
     D:2: 85 daAuts
